 Dungeon Crawl Stone Soup version 0.25-a0-287-g56a5b49892 (webtiles) character file.

Game seed: 14453926220451779176, levelgen mode: deterministic

0 Esekla the Ducker (level 1, 0/13 HPs)
             Began as a Deep Elf Abyssal Knight on Dec 12, 2019.
             Was an Initiate of Lugonu.
             Slain by a gnoll
             ... wielding a +0 halberd
              (6 damage)
             ... on level 1 of the Dungeon.
             The game lasted 00:02:08 (472 turns).

Esekla the Ducker (Deep Elf Abyssal Knight)          Turns: 472, Time: 00:02:08

Health: 0/13       AC:  3    Str:  9    XL:     1   Next: 0%
Magic:  4/4        EV: 12    Int: 16    God:    Lugonu [......]
Gold:   77         SH:  0    Dex: 14    Spells: 0/0 levels left

rFire    . . .     SeeInvis .   a - +1 falchion
rCold    . . .     Gourm    .   (no shield)
rNeg     . . .     Faith    .   b - +0 leather armour
rPois    .         Spirit   .   (no helmet)
rElec    .         Reflect  .   (no cloak)
rCorr    .         Harm     .   (no gloves)
MR       .....                  (no boots)
Stlth    +.........             (no amulet)
HPRegen  0.04/turn              (no ring)
MPRegen  0.09/turn              (no ring)

@: very slightly contaminated
A: no striking features
a: Renounce Religion


You were on level 1 of the Dungeon.
You worshipped Lugonu.
Lugonu was noncommittal.
You were not hungry.

You visited 1 branch of the dungeon, and saw 1 of its levels.
You visited the Abyss 1 time.

You collected 77 gold pieces.

Inventory:

Hand Weapons
 a - a +1 falchion (weapon)
Missiles
 f - 11 poisoned darts (quivered)
Armour
 b - a +0 leather armour (worn)
Scrolls
 d - 2 scrolls of blinking
 e - a scroll of amnesia {unknown}
 g - a scroll of identify {unknown}
 h - a scroll of remove curse {unknown}
Comestibles
 c - a ration


   Skills:
 + Level 2.4 Fighting
 * Level 1.7 Long Blades
 + Level 0.7 Armour
 + Level 2.4 Dodging
 + Level 2.0 Invocations


You couldn't memorise any spells.
You didn't know any spells.
Your spell library was empty.

Dungeon Overview and Level Annotations

Branches:
Dungeon (1/15)

Altars:


Message History

Found a scroll labeled TUW LEHEPEOL.
There is an open door here.
A ball python, a rat and a goblin come into view.
The ball python hisses angrily.
The goblin shouts!
The rat twitches its whiskers.
You see here a scroll labeled TUW LEHEPEOL.
h - a scroll labeled TUW LEHEPEOL The ball python barely misses you. x2
The rat bites you. The rat closely misses you.
A gnoll comes into view. It is wielding a +0 halberd.
The gnoll shouts!
The gnoll hits you from afar with a +0 halberd.
The goblin hits you with a +0 club.
You closely miss the goblin. The rat closely misses you.
The goblin hits you with a +0 club. The rat completely misses you.
You barely miss the goblin. The goblin barely misses you.
The rat barely misses you.
You riposte.
You closely miss the rat.
The gnoll hits you from afar with a +0 halberd.
You die...

.. #.# #.# ..# #.#
##### #.# #...###.#
# #.#.g@rS#
#.####...###g#.#
###.........S....#
..........####.....#
######..## ......#
##..#### ##..#.#
#...'..# ..#.#
#..##.<# ..# #
+..##).# ..#


You could see a gnoll, a goblin, a ball python and a rat.

Vanquished Creatures (others)
  2 starspawn tentacles (Abyss:1)
2 creatures vanquished.

Notes
Turn   | Place    | Note
-------+----------+-------------------------------------------
     0 | Abyss:1  | Esekla the Deep Elf Abyssal Knight began the quest for the
                  | Orb.
     0 | Abyss:1  | Reached XP level 1. HP: 13/13 MP: 4/4
    41 | Abyss:1  | Found a basalt altar of Yredelemnul.
    42 | Abyss:1  | Noticed a tentacled starspawn
    73 | Abyss:3  | Found a corrupted altar of Lugonu.
    94 | Abyss:3  | Noticed a thrashing horror
    99 | D:1      | Escaped the Abyss
   472 | D:1      | Slain by a gnoll

Levels and vault maps discovered:
D:1:      dpeg_arrival_short_road, layout_loops_ring

Action                   || total
-------------------------++-------
Melee: Falchion          ||     2
Invok: Depart the Abyss  ||     1
  Use: Scroll            ||     1
Dodge: Dodged            ||     8
       Rpst.: Falchion   ||     1

Table legend:
 A = Non-vault XP
 B = Vault XP
 C = Vault XP percentage of total XP
 D = Non-vault monster count
 E = Vault monster count
 F = Vault count percentage of total count
                 A         B        C        D         E       F
            +---------+---------+-------+---------+---------+-------
      Total |       0 |       0 |   N/A |       0 |       0 |  -nan
            +---------+---------+-------+---------+---------+-------
            +---------+---------+-------+---------+---------+-------
